 Dungeon Crawl Stone Soup version 0.18-a0 (webtiles) character file.

229612 Ordine the Shatterer (level 19, -11/240 HPs)
             Began as an Ogre Hunter on Oct 30, 2015.
             Was the Champion of Okawaru.
             Mangled by a harpy (12 damage)
             ... on level 3 of the Shoals.
             The game lasted 03:03:37 (61351 turns).

Ordine the Shatterer (Ogre Hunter)                 Turns: 61351, Time: 03:03:38

Health: -11/240    AC: 16    Str: 28    XL:     19   Next: 45%
Magic:  26/26      EV: 16    Int: 10    God:    Okawaru [******]
Gold:   1670       SH:  0    Dex: 16    Spells: 0 memorised, 18 levels left

rFire  + . .     SeeInvis .     q - +4 giant club of Demonkind {vamp, rF+ rC- rN+ Dex+3}
rCold  . . .     Clarity  .     a - +0 troll leather armour "Letecw" {rElec rPois Regen+ Stlth+}
rNeg   + . .     SustAt   .     (no shield)
rPois  +         Gourm    .     P - +1 hat
rElec  +         Spirit   .     u - +2 cloak {rPois}
rCorr  .         Warding  .     (gloves unavailable)
rMut   .         Stasis   .     (boots unavailable)
MR     +....                    x - amulet of rage
Stlth  +++.......               V - ring of protection from cold
                                C - ring "Teikkicumm" {AC+4 Dex+3}

@: heroism, very slightly contaminated, somewhat resistant to hostile
enchantments, fairly stealthy
A: unfitting armour, robust 1, tough skin 1
a: Heroism, Finesse, Renounce Religion, Evoke Berserk Rage
}: 1/15 runes: gossamer


You were on level 3 of the Shoals.
You worshipped Okawaru.
Okawaru was exalted by your worship.
You were very hungry.

You visited 7 branches of the dungeon, and saw 37 of its levels.
You also visited: Ossuary and Bailey.

You collected 3754 gold pieces.
You spent 2084 gold pieces at shops.

Inventory:

Hand Weapons
 n - a +0 blowgun
 q - the +4 giant club of Demonkind (weapon) {vamp, rF+ rC- rN+ Dex+3}
   (You acquired it on level 2 of the Shoals)

   It inflicts no extra harm, but heals its wielder somewhat when it strikes a
   living foe.
   It affects your dexterity (+3).
   It protects you from fire.
   It makes you vulnerable to cold.
   It protects you from negative energy.
Missiles
 d - 8 needles of frenzy
 g - 20 curare-tipped needles
 h - 7 needles of paralysis
 w - 14 poisoned javelins
 D - 27 javelins
 F - 28 large rocks (quivered)
 L - 7 javelins of returning
 M - 3 needles of sleeping
 N - 12 javelins of penetration
 S - 6 needles of confusion
 T - 4 throwing nets
 Y - 3 steel javelins
Armour
 a - the +0 troll leather armour "Letecw" (worn) {rElec rPois Regen+ Stlth+}
   (Okawaru gifted it to you on level 4 of the Spider Nest)

   It insulates you from electricity.
   It protects you from poison.
   It increases your rate of regeneration.
   It makes you more stealthy.
 u - a +2 cloak of poison resistance (worn)
 P - a +1 hat (worn)
Jewellery
 e - an uncursed ring of protection from magic
 i - an uncursed amulet of warding
 m - an uncursed ring of flight
 x - an amulet of rage (around neck)
 C - the ring "Teikkicumm" (left hand) {AC+4 Dex+3}
   (You bought it in a shop on level 4 of the Orcish Mines)

   [ring of protection]

   It affects your AC (+4).
   It affects your dexterity (+3).
 E - an uncursed amulet of stasis
 J - an uncursed ring of see invisible
 Q - an uncursed ring of sustain attributes
 V - a ring of protection from cold (right hand)
Wands
 j - a wand of teleportation (4)
 s - a wand of disintegration (9)
 y - a wand of digging (22)
Scrolls
 l - a scroll of silence
 o - 14 scrolls of teleportation
 t - 3 scrolls of recharging
 z - 6 scrolls of fear
 B - 3 scrolls of blinking
 H - 8 scrolls of remove curse
 R - 8 scrolls of fog
 X - 9 scrolls of magic mapping
Potions
 c - 3 potions of curing
 f - 5 potions of haste
 k - a potion of berserk rage
 r - 6 potions of might
 A - 4 potions of agility
 G - a potion of cure mutation
Comestibles
 b - a slice of pizza
 p - 38 fruits


   Skills:
 + Level 20.2(25.2) Fighting
 - Level 22.0(27) Maces & Flails
 + Level 14.4(19.4) Throwing
 + Level 11.1(16.1) Armour
 + Level 11.6(16.6) Dodging
 - Level 1.0(6.0) Stealth
 - Level 10.0 Invocations


You had 18 spell levels left.
You didn't know any spells.

Dungeon Overview and Level Annotations

Branches:
Dungeon (15/15)            Temple (1/1) D:4            Lair (8/8) D:10
 Shoals (3/4) Lair:5       Spider (4/4) Lair:6        Slime (0/6) Lair:7
    Orc (4/4) D:11            Elf (2/3) Orc:3        Vaults (0/5) D:14
 Depths (0/5) D:15

Altars:
Ashenzari
Cheibriados
Dithmenos
Elyvilon
Fedhas
Gozag
Kikubaaqudgha
Makhleb
Nemelex Xobeh
Okawaru
Qazlal
Ru
Sif Muna
Trog
Vehumet
Xom
Yredelemnul
Zin
The Shining One
Beogh

Shops:
D:5 =   D:9 [   D:11 *   Orc:4 *(:(=   Elf:2 [   Shoals:1 :

Annotations:
Shoals:3 Kirke


Innate Abilities, Weirdness & Mutations

You are too large for most types of armour.
You have tough skin (AC +1).
You are robust (+10% HP).


Message History

The harpy completely misses you. x2
The harpy closely misses you. The harpy misses you.
The harpy closely misses you. x2
The harpy completely misses you.
Unknown command.
Read which item? (? for menu, Esc to quit)
Blink to where?
Press: ? - help, Dir - move target cursor You are very lightly contaminated with residual magic.
As you read the scroll of blinking, it crumbles to dust.
The harpy screeches!
The harpy misses you. The harpy completely misses you.
The harpy barely misses you. The harpy claws you.
* * * LOW HITPOINT WARNING * * *
The harpy claws you!
* * * LOW HITPOINT WARNING * * *
The harpy closely misses you. The harpy barely misses you. The harpy claws you.
* * * LOW HITPOINT WARNING * * *
The harpy barely misses you. The harpy closely misses you. The harpy claws you!
You die...

≈≈≈≈≈≈(.[..............≈≈≈≈≈.
≈≈≈≈≈≈.......(.......≈≈≈≈≈≈≈≈
≈≈≈≈≈≈≈....(..t..>≈≈≈≈≈≈≈≈≈≈≈
≈≈≈≈≈≈≈≈.....(.≈≈≈≈≈≈≈≈≈≈≈≈≈≈
≈≈≈≈≈≈≈≈≈.....≈≈≈≈≈≈≈≈..≈≈≈≈≈
≈≈≈≈≈≈≈≈≈≈..h.≈≈≈≈≈≈))....≈≈≈
≈≈≈≈≈≈≈≈≈≈≈.h.≈≈≈≈≈........≈
≈≈≈≈≈≈≈≈≈≈≈≈HH≈≈≈≈≈.(.#'#..
≈≈≈≈≈≈≈≈≈≈≈H@≈≈≈≈≈(...#
≈≈≈≈≈≈≈≈≈≈≈≈≈≈≈≈≈≈...#
≈≈≈≈≈≈≈≈≈≈≈≈≈≈≈≈≈..#
≈≈≈≈≈≈≈≈≈≈≈≈≈≈.
≈≈≈≈≈≈≈≈≈≈≈≈≈≈≈
≈≈≈≈≈≈≈≈≈≈≈.≈≈≈
≈≈≈≈≈≈≈≈≈≈≈..≈≈
≈≈≈≈≈≈≈.......≈


You could see an alligator snapping turtle, 3 harpies and 2 hogs.

Vanquished Creatures
  The ghost of Burgietje the Slayer, a veteran MiMo of Cheibriados (D:15)
  Arachne (Spider:3)
  Frances (D:13)
  The ghost of chimenez the Severer, an adept MiFi of Okawaru (Shoals:3)
  Maud (Lair:5)
  A deep elf sorcerer (Elf:1)
  An orc warlord (Orc:2)
  Louise (Spider:3)
  The ghost of septik the Severer, a journeyman DDFi of Makhleb (Orc:4)
  4 ghost moths
  8 emperor scorpions
  An ettin (D:15)
  6 dire elephants (Lair:8)
  A deep elf death mage (Elf:2)
  4 vault guards (D:14)
  Snorg (Lair:7)
  A merfolk javelineer (Shoals:3)
  2 deep elf high priests
  A merfolk impaler (Shoals:3)
  3 entropy weavers
  8 hydras
  A catoblepas (Lair:5)
  2 ogre magi (Orc:4)
  A merfolk avatar (Shoals:2)
  5 centaur warriors
  16 dancing weapons (Elf:2)
  A tengu warrior (D:13)
  An anaconda (Lair:8)
  A satyr (Shoals:2)
  7 death yaks
  An orc high priest (Orc:2)
  The ghost of vev the Fighter, a novice OgHu of the Shining One (Bailey)
  Urug (D:12)
  A fire crab (Lair:8)
  11 deep elf knights
  6 sea snakes
  A wizard (D:15)
  A hell knight (D:15)
  4 deep elf summoners
  An orange crystal statue (Elf:2)
  2 deep trolls (Orc:4)
  7 ugly things
  6 fauns
  8 hill giants
  5 harpies (Shoals:2)
  13 deep elf conjurers
  8 cyclopes
  2 wolf spider zombies
  21 orb spiders
  17 wolf spiders
  5 orc knights
  4 hornets
  2 moths of wrath
  8 griffons
  6 water nymphs
  The ghost of Eptagon the Martial Artist, a novice OpTm (D:6)
  3 orc sorcerers
  An oklob plant (Lair:7)
  7 manticores
  An elephant (shapeshifter) (Elf:2)
  13 elephants (Lair:8)
  7 black mambas
  7 sirens
  An eye of devastation (shapeshifter) (D:15)
  A black mamba (shapeshifter) (D:15)
  Psyche (D:10)
  A torpor snail (Spider:3)
  4 centaur skeletons
  3 gargoyles (D:14)
  10 komodo dragons
  15 spiny frogs
  A freezing wraith (D:14)
  8 demonic crawlers
  2 fire drakes
  2 yaktaurs
  An efreet (D:15)
  2 tengu conjurers (D:14)
  A wind drake (Shoals:1)
  9 deep elf priests
  37 jumping spiders
  13 merfolk
  4 slime creatures (D:13)
  Grinder (D:5)
  11 trolls
  6 two-headed ogres
  5 boulder beetles
  4 snapping turtles (Shoals:2)
  28 blink frogs
  A vampire (D:13)
  A centaur simulacrum (D:15)
  37 redbacks
  2 spriggans
  18 trapdoor spiders
  32 deep elf magi
  21 tarantellas
  2 water elementals
  3 fire bats (Lair:8)
  4 vampire mosquitoes (D:12)
  Eustachio (D:6)
  30 deep elf fighters
  4 basilisks
  3 wyverns
  17 hippogriffs
  A fire elemental (Lair:4)
  6 hungry ghosts
  51 yaks
  11 wolves
  2 wargs
  Edmund (D:6)
  A mottled dragon (D:12)
  40 water moccasins
  7 ice beasts
  A swamp drake (Orc:2)
  11 porcupines
  30 orc warriors
  27 ogres
  31 spiders
  2 sky beasts (D:11)
  5 wasps
  22 centaurs
  3 phantoms
  20 crocodiles
  2 eyes of draining
  A black bear (Lair:1)
  A big kobold (D:8)
  22 giant frogs
  4 scorpions
  2 troll zombies (D:11)
  15 electric eels
  31 killer bees
  11 crimson imps
  A quasit (D:10)
  7 centaur zombies
  8 hounds
  12 jellies
  2 giant frog zombies
  3 human zombies (Ossuary)
  2 giant frog skeletons
  An iron imp (Orc:2)
  22 orc priests
  34 orc wizards
  9 iguanas
  20 sheep
  17 worker ants
  A big kobold zombie (Ossuary)
  4 ogre zombies (D:11)
  2 hound zombies
  A hound skeleton (D:6)
  4 worker ant zombies
  3 mummies
  24 adders
  3 shadow imps
  56 river rats
  A white imp (Orc:2)
  2 adder zombies
  5 worms
  4 adder skeletons
  7 giant geckos
  196 orcs
  6 bats
  8 hobgoblins
  23 jackals
  11 quokkas
  3 ball pythons
  A ball python skeleton (D:4)
  11 giant cockroaches
  A giant gecko skeleton (D:4)
  A giant gecko zombie (D:6)
  4 giant newts
  3 goblins
  6 goblin zombies
  13 hobgoblin zombies
  8 kobolds
  2 kobold zombies (Ossuary)
  3 orc skeletons (D:11)
  22 orc zombies
  A quokka skeleton (D:9)
  2 quokka zombies
  5 rats
  4 rat zombies (Ossuary)
  A fungus (Lair:7)
  3 plants
1567 creatures vanquished.

Vanquished Creatures (others)
  A killer bee (D:12)
  A worker ant (Lair:6)
  25 fungi
  26 plants
53 creatures vanquished.

Grand Total: 1620 creatures vanquished

Notes
Turn   | Place    | Note
--------------------------------------------------------------
     0 | D:1      | Ordine the Ogre Hunter began the quest for the Orb.
     0 | D:1      | Reached XP level 1. HP: 22/22 MP: 1/1
    29 | D:1      | Reached skill level 1 in Stealth
    85 | D:1      | Reached skill level 1 in Maces & Flails
   277 | D:1      | Reached XP level 2. HP: 23/29 MP: 2/2
  1727 | D:1      | Reached XP level 3. HP: 33/36 MP: 3/3
  1915 | D:2      | Reached XP level 4. HP: 37/44 MP: 4/4
  2349 | D:2      | Reached skill level 5 in Maces & Flails
  2651 | D:3      | Found a bloodstained altar of Trog.
  3434 | D:3      | Found a glowing golden altar of the Shining One.
  3434 | D:3      | Found a sparkling altar of Nemelex Xobeh.
  3461 | D:3      | Found a snail-covered altar of Cheibriados.
  3462 | D:3      | Found a shadowy altar of Dithmenos.
  3886 | D:4      | Found a basalt altar of Yredelemnul.
  3915 | D:4      | Reached XP level 5. HP: 36/50 MP: 5/5
  4139 | D:4      | Found a shimmering altar of Xom.
  4178 | D:4      | Reached skill level 6 in Maces & Flails
  4505 | D:4      | Found a deep blue altar of Sif Muna.
  4937 | D:4      | Found a staircase to the Ecumenical Temple.
  4949 | Temple   | Entered the Ecumenical Temple
  4959 | Temple   | Became a worshipper of Warmaster Okawaru
  5106 | D:5      | Entered Level 5 of the Dungeon
  5115 | D:4      | Reached XP level 6. HP: 59/61 MP: 6/6
  5122 | D:5      | Reached skill level 7 in Maces & Flails
  6170 | D:5      | Noticed Grinder
  6173 | D:5      | Paralysed by Grinder for 6 turns
  6211 | D:5      | Paralysed by Grinder for 6 turns
  6220 | D:5      | Killed Grinder
  6220 | D:5      | Reached * piety under Okawaru
  6220 | D:5      | Reached skill level 8 in Maces & Flails
  6220 | D:5      | Reached skill level 5 in Throwing
  6220 | D:5      | Reached XP level 7. HP: 34/71 MP: 7/7
  6684 | D:5      | Found Wiynirir's Jewellery Boutique.
  6981 | D:5      | Reached skill level 5 in Fighting
  6981 | D:5      | Reached skill level 9 in Maces & Flails
  7216 | D:4      | Found an opulent altar of Gozag.
  7373 | D:6      | Reached XP level 8. HP: 80/80 MP: 8/8
  7386 | D:6      | Reached ** piety under Okawaru
  7453 | D:6      | Found a blossoming altar of Fedhas.
  7458 | D:6      | Found a stormy altar of Qazlal.
  7563 | D:6      | Noticed Eustachio
  7590 | D:6      | Killed Eustachio
  7590 | D:6      | Reached skill level 10 in Maces & Flails
  7974 | D:6      | Noticed Eptagon's ghost (novice OpTm)
  7985 | D:6      | Killed Eptagon's ghost
  7985 | D:6      | Reached *** piety under Okawaru
  7998 | D:6      | Noticed Edmund
  8022 | D:6      | Killed Edmund
  8022 | D:6      | Reached skill level 11 in Maces & Flails
  8022 | D:6      | Reached XP level 9. HP: 28/92 MP: 9/9
  8323 | D:6      | Noticed a hungry ghost
  8329 | D:6      | Killed a hungry ghost
  9230 | D:6      | Noticed a purple ugly thing
  9236 | D:6      | Killed a purple ugly thing
  9236 | D:6      | Reached **** piety under Okawaru
  9236 | D:6      | Reached skill level 12 in Maces & Flails
 11006 | D:7      | Reached XP level 10. HP: 106/106 MP: 10/10
 11164 | D:7      | Reached skill level 13 in Maces & Flails
 11387 | D:8      | Found a sand-covered staircase.
 11403 | Ossuary  | Entered an ossuary
 11874 | D:5      | Bought an uncursed ring of see invisible for 195 gold pieces
 11874 | D:5      | Bought a cursed -3 ring of intelligence for 26 gold pieces
 12119 | D:8      | Reached ***** piety under Okawaru
 12343 | D:8      | Received a gift from Okawaru
 12431 | D:9      | Found a burning altar of Makhleb.
 12436 | D:9      | Found a glowing silver altar of Zin.
 12436 | D:9      | Noticed an angel
 12436 | D:9      | Noticed a green death
 12753 | D:9      | Reached skill level 14 in Maces & Flails
 12910 | D:9      | Reached skill level 10 in Fighting
 13035 | D:9      | Found Xausiytt's Armour Shoppe.
 13399 | D:10     | Entered Level 10 of the Dungeon
 13845 | D:10     | Noticed a hill giant
 13846 | D:10     | Received a gift from Okawaru
 13848 | D:10     | Reached XP level 11. HP: 102/119 MP: 11/11
 13859 | D:10     | Killed a hill giant
 13859 | D:10     | Received a gift from Okawaru
 13859 | D:10     | Reached skill level 15 in Maces & Flails
 14166 | D:10     | Noticed Psyche
 14520 | D:10     | Paralysed by Psyche for 5 turns
 14526 | D:10     | Killed Psyche
 15032 | D:10     | Found a staircase to the Lair.
 15048 | D:10     | Received a gift from Okawaru
 15167 | D:10     | Learned a level 1 spell: Apportation
 15170 | D:10     | Learned a level 2 spell: Blink
 15173 | D:10     | Learned a level 2 spell: Repel Missiles
 15189 | D:10     | Found an iron altar of Okawaru.
 15294 | Lair:1   | Entered Level 1 of the Lair of Beasts
 15391 | Lair:1   | Received a gift from Okawaru
 16080 | Lair:1   | Received a gift from Okawaru
 16103 | Lair:1   | Reached skill level 16 in Maces & Flails
 16911 | Lair:2   | Received a gift from Okawaru
 16927 | Lair:2   | Reached skill level 10 in Throwing
 17231 | Lair:2   | Reached XP level 12. HP: 115/132 MP: 12/12
 17362 | Lair:2   | Received a gift from Okawaru
 17946 | Lair:2   | Reached skill level 17 in Maces & Flails
 20509 | Lair:3   | Reached skill level 18 in Maces & Flails
 20670 | Lair:3   | Received a gift from Okawaru
 20673 | Lair:3   | Got a slimy giant club {god gift}
 20691 | Lair:2   | Reached skill level 1 in Invocations
 20997 | Lair:2   | Identified the +3 giant club of the Apocalypse {drain, rElec rPois MR+ Dex+3} (Okawaru gifted it to you on level 3 of the Lair of Beasts)
 21961 | Lair:3   | Reached skill level 5 in Invocations
 22453 | Lair:4   | Noticed a five-headed hydra
 22459 | Lair:4   | Killed a five-headed hydra
 22459 | Lair:4   | Reached skill level 1 in Armour
 22580 | Lair:4   | Reached XP level 13. HP: 137/144 MP: 17/17
 22751 | Lair:4   | Received a gift from Okawaru
 22912 | Lair:4   | Found an opulent altar of Gozag.
 23180 | Lair:5   | Noticed Maud
 23184 | Lair:5   | Killed Maud
 23184 | Lair:5   | Received a gift from Okawaru
 23915 | Lair:5   | Reached skill level 5 in Dodging
 23998 | Lair:5   | Found a staircase to the Shoals.
 24969 | Lair:5   | Reached ****** piety under Okawaru
 25399 | Lair:6   | Received a gift from Okawaru
 25909 | Lair:6   | Found a hole to the Spider Nest.
 26414 | Lair:6   | Received a gift from Okawaru
 27151 | Lair:7   | Found a staircase to the Slime Pits.
 27194 | Lair:7   | Noticed Snorg
 27202 | Lair:7   | Reached XP level 14. HP: 113/157 MP: 15/18
 27209 | Lair:7   | Killed Snorg
 28046 | Lair:8   | Entered Level 8 of the Lair of Beasts
 28069 | Lair:8   | Received a gift from Okawaru
 28207 | Lair:8   | Found a dark tunnel.
 28706 | Lair:8   | Reached skill level 15 in Fighting
 29007 | Lair:8   | Received a gift from Okawaru
 31205 | Lair:8   | Reached skill level 19 in Maces & Flails
 31535 | Lair:8   | Received a gift from Okawaru
 32313 | Lair:8   | Received a gift from Okawaru
 32313 | Lair:8   | Reached skill level 10 in Dodging
 32736 | Lair:8   | Received a gift from Okawaru
 32915 | Lair:7   | Reached XP level 15. HP: 155/170 MP: 19/19
 33178 | D:11     | Found a staircase to the Orcish Mines.
 33194 | D:11     | Received a gift from Okawaru
 33370 | D:11     | Found Emmihyew's General Store.
 33410 | D:11     | Bought the +5 robe of vines {DeviceHeal--- Regen++++++} for 457 gold pieces
 34051 | Orc:1    | Entered Level 1 of the Orcish Mines
 34141 | Orc:1    | Found a flagged portal.
 34235 | Bailey   | Entered a bailey
 34242 | Bailey   | Noticed vev's ghost (novice OgHu)
 34248 | Bailey   | Killed vev's ghost
 34420 | Bailey   | Received a gift from Okawaru
 35640 | Orc:2    | Received a gift from Okawaru
 36065 | Orc:2    | Found a roughly hewn altar of Beogh.
 36601 | Orc:3    | Reached skill level 10 in Invocations
 36704 | Orc:3    | Found a staircase to the Elven Halls.
 36999 | Orc:4    | Entered Level 4 of the Orcish Mines
 37001 | Orc:4    | Found Kubaorank's Jewellery Boutique.
 37583 | Orc:4    | Reached skill level 5 in Armour
 37597 | Orc:4    | Noticed septik's ghost (journeyman DDFi)
 39218 | Orc:4    | Bought an uncursed amulet of rage for 560 gold pieces
 39702 | Orc:4    | Killed septik's ghost
 39702 | Orc:4    | Received a gift from Okawaru
 39828 | Orc:4    | Found Moang's Weapon Shop.
 39828 | Orc:4    | Found Siececesk's Antique Weapon Shop.
 39835 | Orc:4    | Found Vavim's Assorted Antiques.
 39846 | Orc:4    | Found Qiarph's Book Boutique.
 39849 | Orc:4    | Bought a pitted platinum ring for 125 gold pieces
 39849 | Orc:4    | Bought 2 potions of might for 200 gold pieces
 39855 | Orc:4    | Identified the ring "Teikkicumm" {AC+4 Dex+3} (You bought it in a shop on level 4 of the Orcish Mines)
 40987 | D:12     | Got an ichor-stained war axe
 40988 | D:12     | Identified the cursed +2 war axe of Uxoaxiaf {freeze, rC+} (You found it on level 12 of the Dungeon)
 40999 | D:12     | Noticed Urug
 41005 | D:12     | Killed Urug
 41302 | D:13     | Reached XP level 16. HP: 134/179 MP: 20/23
 41563 | D:13     | Noticed Frances
 41576 | D:13     | Killed Frances
 42728 | D:14     | HP: 7/268 [white ugly thing (24)]
 42877 | D:14     | Reached skill level 10 in Armour
 43364 | D:14     | Received a gift from Okawaru
 43820 | D:14     | Found a gate to the Vaults.
 43887 | D:15     | Entered Level 15 of the Dungeon
 43969 | D:15     | Received a gift from Okawaru
 44185 | D:15     | Noticed Burgietje's ghost (veteran MiMo)
 44208 | D:15     | Killed Burgietje's ghost
 44572 | D:15     | Found a staircase to the Depths.
 45231 | Spider:1 | Entered Level 1 of the Spider Nest
 45386 | Spider:1 | Reached skill level 20 in Maces & Flails
 46616 | Spider:2 | Reached XP level 17. HP: 183/191 MP: 24/24
 47153 | Spider:2 | Received a gift from Okawaru
 48386 | Spider:3 | Noticed Arachne
 48399 | Spider:3 | Killed Arachne
 48845 | Spider:3 | Noticed Louise
 48857 | Spider:3 | Killed Louise
 49247 | Spider:3 | Received a gift from Okawaru
 49251 | Spider:3 | Reached skill level 21 in Maces & Flails
 49827 | Spider:4 | Entered Level 4 of the Spider Nest
 49991 | Spider:4 | Received a gift from Okawaru
 50373 | Spider:4 | Gained mutation: You are robust (+10% HP). [potion of beneficial mutation]
 51547 | Spider:4 | Reached XP level 18. HP: 225/225 MP: 25/25
 51679 | Spider:4 | Received a gift from Okawaru
 51689 | Spider:4 | Got a spiked troll leather armour {god gift}
 51724 | Spider:4 | Got a gossamer rune of Zot
 51725 | Spider:4 | Identified the +0 troll leather armour "Letecw" {rElec rPois Regen+ Stlth+} (Okawaru gifted it to you on level 4 of the Spider Nest)
 52396 | Orc:4    | Bought an uncursed ring of protection from magic for 350 gold pieces
 52421 | Elf:1    | Entered Level 1 of the Elven Halls
 53825 | Elf:1    | Reached skill level 22 in Maces & Flails
 53888 | Elf:2    | Found an ancient bone altar of Kikubaaqudgha.
 54278 | Elf:2    | Found a runed gate.
 54280 | Elf:2    | Found a runed gate.
 54282 | Elf:2    | Found a runed gate.
 54403 | Elf:2    | Found Kaseacan's Antique Armour Shoppe.
 54639 | Elf:2    | Bought a heavy robe for 171 gold pieces
 54649 | Elf:2    | Identified the +0 robe "Pesudala" {SInv} (You bought it in a shop on level 2 of the Elven Halls)
 55551 | Elf:2    | Identified the Reference Book on Attacks and the Rocks
 55562 | Elf:2    | Got a smoking short sword
 55563 | Elf:2    | Identified the +4 short sword of Destruction {venom, rC+ Stlth+} (You found it on level 2 of the Elven Halls)
 56065 | Elf:2    | Received a gift from Okawaru
 56464 | Elf:2    | Received a gift from Okawaru
 58004 | Shoals:1 | Entered Level 1 of the Shoals
 58051 | Shoals:1 | Reached XP level 19. HP: 233/239 MP: 26/26
 58256 | Shoals:1 | Found Atearuom's Book Shoppe.
 59434 | Shoals:2 | Identified a scroll of acquirement
 59437 | Shoals:2 | Got a twisted giant club
 59441 | Shoals:2 | Identified the +4 giant club of Demonkind {vamp, rF+ rC- rN+ Dex+3} (You acquired it on level 2 of the Shoals)
 60873 | Shoals:3 | Noticed chimenez's ghost (adept MiFi)
 60896 | Shoals:3 | Killed chimenez's ghost
 60896 | Shoals:3 | Received a gift from Okawaru
 60951 | Shoals:3 | Got a thick robe {god gift}
 61196 | Shoals:3 | Identified the +2 robe of Contentment {rElec} (Okawaru gifted it to you on level 3 of the Shoals)
 61327 | Shoals:3 | Noticed Kirke
 61351 | Shoals:3 | HP: 12/240 [harpy (5)]
 61351 | Shoals:3 | HP: 3/240 [harpy (9)]
 61351 | Shoals:3 | HP: 1/240 [harpy (2)]
 61351 | Shoals:3 | Mangled by a harpy

Vault maps used:
D:1:      nicolae_arrival_somewhat_less_tricky_arrival
D:3:      minitemple, old_standard_altar, gammafunk_temple_overflow_elements
D:4:      marbit_many_paths, lemuel_doored_altar,
          nicolae_overflow_hidden_temple, temple_green
D:5:      first_bread, serial_shops, kennysheep_mini, uniq_grinder
D:6:      kennysheep_big_flooded_room, grunt_temple_overflow_forces_of_nature,
          st_stairs_11, uniq_edmund, uniq_eustachio
D:8:      gup_ossuary_entry_pyramid, grunt_pizzeria
D:9:      grunt_temple_overflow_order_and_chaos_2, serial_shops, shop,
          moated_statue
D:10:     david_lair_shrubbed, okawaru_metal_pillars_1_2, uniq_psyche
D:11:     zombieorc1_lemuel, serial_shops,
          nicolae_shop_temple_entry_statues_fountains
D:12:     uniq_urug
D:13:     uniq_frances
D:14:     grunt_vaults_entry_fortified, serial_park_tiny_1
D:15:     hangedman_depths_entry_civil_slaughter, minmay_misc_feat_room
Temple:   nicolae_temple_no_exploring_needed
Lair:2:   lemuel_reptile_caves
Lair:3:   serial_bayou_pond_e, st_stairs_13, grunt_forest_large_clearings
Lair:4:   basic_altar, serial_bayou_lagoon_b
Lair:5:   minmay_shoals_entry_beasts, grunt_forest_small_clearings,
          zaba_anthole, serial_bayou_lake_a, infiniplex_staircase_pool,
          uniq_maud
Lair:6:   nicolae_spider_entry_non_spiders, minivault_25,
          grunt_forest_large_clearing_hut, grunt_megastairs_5, lemuel_fruit_tree
Lair:7:   minmay_slime_entry_pillars, grunt_megastairs_4, uniq_snorg
Lair:8:   due_jungle_book, nicolae_volcano_entry_batcave
Shoals:1: serial_shops, nicolae_shop_window_shopping
Shoals:2: hangedman_shoals_cup_caves
Shoals:3: centaur_isle, uniq_kirke
Spider:3: uniq_arachne, uniq_louise
Spider:4: grunt_spider_rune_circles
Orc:1:    enter_bailey_8
Orc:2:    orc_temple, hangedman_minor_magic
Orc:3:    nicolae_orc_pool_cavern
Orc:4:    st_orc_open, serial_shops, shop
Elf:1:    eino_elf_arrival_sip, hangedman_elf_represent,
          nicolae_elf_glass_and_crystal_pillar_2, spider_trap,
          hangedman_decor_cross_pass
Elf:2:    serial_shops, shop, basic_altar, minivault_15, billiards_dpeg
Ossuary:  ossuary_tomb_1
Bailey:   bailey_polearm_1, bailey

Action                   |  1- 3 |  4- 6 |  7- 9 | 10-12 | 13-15 | 16-18 | 19-21 || total
-------------------------+-------+-------+-------+-------+-------+-------+-------++-------
Melee: Club              |   121 |   499 |    27 |       |       |       |       ||   647
       Short sword       |     5 |       |       |       |       |       |       ||     5
       Flail             |       |       |   221 |   213 |       |       |       ||   434
       Giant club        |       |       |       |   519 |  1489 |  1371 |   286 ||  3665
       Giant spiked club |       |       |       |    15 |       |       |       ||    15
 Fire: Blowgun           |       |       |    16 |       |       |       |       ||    16
Throw: Large rock        |     9 |    29 |    20 |     4 |     6 |    77 |    13 ||   158
       Throwing net      |     1 |       |     1 |       |     1 |       |       ||     3
       Javelin           |       |       |     6 |       |    10 |       |       ||    16
       Tomahawk          |       |       |    16 |       |       |       |       ||    16
 Cast: Repel Missiles    |       |       |       |     1 |     1 |       |       ||     2
Invok: Heroism           |       |       |       |       |     4 |     1 |     2 ||     7
       Finesse           |       |       |       |       |     2 |       |       ||     2
 Abil: Evoke Berserk Rag |       |       |       |       |     1 |     3 |       ||     4
       Evoke Flight      |       |       |       |       |       |     2 |       ||     2
Evoke: Wand              |       |       |       |       |     8 |       |       ||     8
  Use: Scroll            |     3 |     9 |     5 |    17 |    10 |     7 |     6 ||    57
       Potion            |       |       |     1 |     6 |     9 |    12 |       ||    28
 Stab: Sleeping          |       |     1 |       |     5 |     3 |       |       ||     9
       Distracted        |       |     1 |       |     1 |       |     1 |       ||     3
       Held in net/web   |       |       |     4 |       |       |       |       ||     4
       Invisible         |       |       |       |       |     3 |       |       ||     3
  Eat: Chunk             |     3 |    13 |    16 |    35 |    53 |    31 |     9 ||   160
       Fruit             |       |     1 |     1 |     2 |     5 |    13 |     2 ||    24
       Beef jerky        |       |       |       |       |     3 |     2 |       ||     5
       Pizza             |       |       |       |       |     1 |       |       ||     1
       Bread ration      |       |       |       |       |       |     2 |       ||     2
       Royal jelly       |       |       |       |       |       |     1 |       ||     1
       Meat ration       |       |       |       |       |       |       |     1 ||     1
